 Dungeon Crawl Stone Soup version 0.20.0-15-g7f486f2 (webtiles) character file.

275 McKennaii the Chiller (level 5, -10/38 HPs)
             Began as a Demigod Ice Elementalist on June 18, 2017.
             Mangled by a black bear (11 damage)
             ... on level 4 of the Dungeon.
             The game lasted 00:09:39 (3552 turns).

McKennaii the Chiller (Demigod Ice Elementalist)    Turns: 3552, Time: 00:09:41

Health: -10/38     AC:  4    Str: 11    XL:     5   Next: 73%
Magic:  0/22       EV: 13    Int: 21    God:
Gold:   127        SH:  0    Dex: 16    Spells: 1/11 levels left

rFire    . . .     SeeInvis .   s - +0 morningstar
rCold    . . .     Gourm    .   (no shield)
rNeg     . . .     Faith    .   a - +0 robe
rPois    .         Spirit   .   (no helmet)
rElec    .         Reflect  .   (no cloak)
rCorr    .         Harm     .   e - +1 pair of gloves
MR       .....                  (no boots)
Stlth    ++........             (no amulet)
Regen    0.2/turn               u - ring of wizardry
MPRegen  0.2/turn               t - ring of magical power

@: very slightly contaminated
A: high mp 1
a: no special abilities


You were on level 4 of the Dungeon.
You were very hungry.

You visited 1 branch of the dungeon, and saw 4 of its levels.

You collected 127 gold pieces.

Inventory:

Hand Weapons
 s - a +0 morningstar (weapon)
Armour
 a - a +0 robe (worn)
 e - a +1 pair of gloves (worn)
Jewellery
 l - a +2 ring of evasion
 o - a +3 amulet of reflection {unknown}
 t - a ring of magical power (right hand)
 u - a ring of wizardry (left hand)
Wands
 p - a wand of flame (32/48)
 r - a wand of lightning (6/15)
Scrolls
 d - 3 scrolls of remove curse {unknown}
 g - a scroll of magic mapping {unknown}
 j - a scroll of recharging {unknown}
 k - 2 scrolls of identify {unknown}
Potions
 f - a potion of lignification {unknown}
 h - 2 potions of curing {unknown}
 i - a potion of might {unknown}
 m - a potion of berserk rage {unknown}
 n - 2 potions of resistance {unknown}
Books
 b - a book of Frost

   Spells                             Type                      Level
   a - Freeze                         Ice                          1
   b - Throw Frost                    Conjuration/Ice              2
   c - Ozocubu's Armour               Charms/Ice                   3
   d - Throw Icicle                   Conjuration/Ice              4
   e - Summon Ice Beast               Ice/Summoning                4
Comestibles
 c - 3 bread rations
 q - a meat ration


   Skills:
 + Level 0.1 Fighting
 + Level 0.3 Maces & Flails
 + Level 2.2 Dodging
 + Level 2.1 Stealth
 + Level 3.7 Spellcasting
 + Level 1.4 Conjurations
 + Level 4.2 Ice Magic


You had one spell level left.
You knew the following spells:

 Your Spells              Type           Power        Failure   Level  Hunger
a - Freeze                Ice            ###.         1%          1    None
b - Throw Frost           Conj/Ice       ###...       2%          2    ##.....
c - Ozocubu's Armour      Chrm/Ice       ##......     6%          3    ###....
d - Throw Icicle          Conj/Ice       ###.....     16%         4    ####...


Dungeon Overview and Level Annotations

Branches:
Dungeon (4/15)
 Temple: D:4-7


Innate Abilities, Weirdness & Mutations

You have an increased reservoir of magic. (+10% MP)


Message History

The black bear closely misses you. The black bear claws you. x2
Casting: Freeze
Confirm with . or Enter, or press ? or * to list all spells.
Aiming: Freeze
Press: ? - help, Shift-Dir - straight line, f/p - black bear
Aim: a black bear (severely wounded)
You freeze the black bear.
The black bear is severely wounded.
The black bear goes berserk!
The black bear bites you!
* * * LOW HITPOINT WARNING * * *
The black bear claws you but does no damage.
The black bear barely misses you.
You barely miss the black bear.
The black bear is severely wounded.
The black bear bites you but does no damage.
The black bear claws you.
* * * LOW HITPOINT WARNING * * *
The black bear barely misses you. The black bear bites you!
You die...

..$.............#
...............#
##......)###.##
#.#.........#
#...#.##### #
#...#.#
##.#...#.#
##......h<#
........@##
.#.#......#
#.#...#..#
......#..#
#.........
##.....#.##
....... .#
##..... .#


You could see a black bear (berserk).

Vanquished Creatures
  An ogre (D:4)
  An orc wizard (D:3)
  8 adders
  An ooze (D:3)
  3 worms
  4 leopard geckos
  3 orcs (D:3)
  6 giant cockroaches
  6 goblins
  7 hobgoblins
  5 jackals
  A quokka (D:2)
  4 bats
  2 frilled lizards
  6 kobolds
  10 rats
68 creatures vanquished.

Notes
Turn   | Place    | Note
-------+----------+-------------------------------------------
     0 | D:1      | McKennaii the Demigod Ice Elementalist began the quest for the Orb.
     0 | D:1      | Reached XP level 1. HP: 14/14 MP: 5/5
   330 | D:1      | Reached skill level 3 in Ice Magic
   640 | D:1      | Reached XP level 2. HP: 19/20 MP: 1/7
   876 | D:1      | Learned a level 2 spell: Throw Frost
  1392 | D:2      | Reached XP level 3. HP: 25/26 MP: 3/9
  2022 | D:2      | Reached XP level 4. HP: 33/33 MP: 2/11
  2072 | D:2      | Learned a level 3 spell: Ozocubu's Armour
  2838 | D:3      | Reached skill level 1 in Conjurations
  2994 | D:3      | Reached XP level 5. HP: 38/38 MP: 8/13
  3495 | D:4      | Noticed an ogre
  3502 | D:4      | Killed an ogre
  3502 | D:4      | Reached skill level 4 in Ice Magic
  3513 | D:4      | Learned a level 4 spell: Throw Icicle
  3536 | D:4      | Noticed a black bear
  3552 | D:4      | HP: 1/38 [black bear (2)]
  3552 | D:4      | Mangled by a black bear

Skill      XL: |  1  2  3  4  5 |
---------------+----------------+-----
Spellcasting   | 2 3 |  3.7
Ice Magic      | 3 4 |  4.2
Stealth        | 2 |  2.1
Dodging        | 2 |  2.2
Conjurations   | 1 |  1.4
Fighting       | |  0.1
Maces & Flails | |  0.3

Action                   |  1- 3 |  4- 6 || total
-------------------------+-------+-------++-------
Melee: Whip              |    10 |     5 ||    15
       Morningstar       |       |     2 ||     2
 Cast: Freeze            |    57 |    29 ||    86
       Throw Frost       |    12 |    37 ||    49
  Eat: Chunk             |     4 |     5 ||     9
Armor: Robe              |    11 |     6 ||    17
Dodge: Dodged            |    32 |    18 ||    50
